 Dungeon Crawl Stone Soup version 0.29.0-7-g18a832c13a (webtiles) character file.

Game seed: 10877341886701795466

466 inmateoo the Poker (level 6, -5/48 HPs)
             Began as a Demonspawn Gladiator on Aug 31, 2022.
             Slain by an ogre
             ... wielding a +0 giant club
              (33 damage)
             ... on level 5 of the Dungeon.
             The game lasted 00:03:19 (5077 turns).

inmateoo the Poker (Demonspawn Gladiator)           Turns: 5077, Time: 00:03:20

Health: -5/48      AC: 10    Str: 16    XL:     6   Next: 81%
Magic:  6/6        EV: 10    Int:  9    God:
Gold:   83         SH:  9    Dex: 15    Spells: 5/5 levels left

rFire   . . .      SeeInvis .   a - +0 trident
rCold   + . .      Faith    .   o - +0 buckler
rNeg    . . .      Spirit   .   v - +2 scale mail {rC+}
rPois   .          Reflect  +   (helmet restricted)
rElec   .          Harm     .   (no cloak)
rCorr   .          Rampage  .   y - +0 pair of gloves
Will    .....                   (no boots)
Stlth   ..........              m - amulet of reflection
HPRegen 0.16/turn               (no ring)
MPRegen 0.10/turn               (no ring)

@: no status effects
A: horns 2, rugged brown scales 1
a: no special abilities


You were on level 5 of the Dungeon.
You visited 1 branch of the dungeon, and saw 5 of its levels.

You collected 83 gold pieces.

Inventory:

Hand Weapons
 a - a +0 trident (weapon)
Missiles
 d - 4 throwing nets (quivered)
 e - a javelin
Armour
 o - a +0 buckler (worn)
 v - a +2 scale mail of cold resistance (worn)
 y - a +0 pair of gloves (worn)
Jewellery
 b - a ring of ice
 m - an amulet of reflection (around neck)
Wands
 w - a wand of polymorph (11)
 x - a wand of acid (10)
Potions
 f - 2 potions of flight
 g - a potion of mutation
 h - a potion of cancellation
 i - 4 potions of heal wounds
 n - 4 potions of curing
 r - 3 potions of attraction {unknown}
 s - 2 potions of haste {unknown}
 z - 2 potions of magic {unknown}


   Skills:
 + Level 3.5 Fighting
 * Level 4.6 Polearms
 - Level 1.7 Throwing
 + Level 2.5 Armour
 + Level 3.7 Dodging
 + Level 2.0 Shields


You had 5 spell levels left.
You didn't know any spells.
Your spell library contained the following spells:

 Spells                   Type           Power      Damage    Failure   Level
 Freeze                   Ice            0%         1d3       89%         1
 Frozen Ramparts          Ice            0%         1d1       99%         3
 Gell's Gravitas          Tloc           0%         N/A       99%         3
 Lesser Beckoning         Tloc           0%         N/A       99%         3
 Teleport Other           Tloc           0%         N/A       99%         3
 Hailstorm                Conj/Ice       0%         3d3       100%        4
 Dispersal                Tloc           0%         N/A       100%        6


Dungeon Overview and Level Annotations

Branches:
Dungeon (5/15)
 Temple: D:4-7

Altars:
Makhleb
Uskayaw

Shops:
D:4 (

Annotations:
D:5 1 runed translucent door, Crazy Yiuf


Innate Abilities, Weirdness & Mutations

You have a pair of horns on your head.
You are partially covered in rugged brown scales. (AC +1, +3% HP)


Message History

You block the ufetubus's attack. The ufetubus closely misses you.
You hit the ufetubus.
You kill the ufetubus!
Found a club.
You reach to attack!
You closely miss the scorpion. The scorpion barely misses you.
You barely miss the scorpion.
You headbutt the scorpion, but do no damage.
The scorpion stings you.
You are poisoned.
The scorpion poisons you!
You hit the scorpion. You headbutt the scorpion.
The scorpion is moderately wounded.
You feel very sick. The scorpion misses you.
You puncture the scorpion! You headbutt the scorpion.
You kill the scorpion!
You feel sick.
Your Shields skill increases to level 2!
No target in view!
No target in view!
You start resting.
You feel sick. x5
You are no longer poisoned.
An ogre comes into view. It is wielding a +0 giant club.
The ogre shouts!
An ogre is nearby!
An ogre is nearby!
You hit the ogre.
The ogre is moderately wounded.
You block the ogre's attack.
You hit the ogre.
The ogre is moderately wounded.
The ogre hits you with a +0 giant club!
You hit the ogre.
The ogre is moderately wounded.
You hit the ogre but do no damage. You headbutt the ogre.
The ogre is heavily wounded.
The ogre hits you with a +0 giant club!!
Ouch! That really hurt!
You die...

#####.............
#...................
.
...##............#.
..##.#
##........#### ....
#.......##
...###.##..###
#..#..#....#
#..#..###..#
#.O@......##
......###?....#
..... ##..### ....
### ... .. #


You could see an ogre.

Vanquished Creatures
  Blork the orc (D:4)
  2 scorpions (D:5)
  2 hounds
  Jessica (D:3)
  An iguana (D:4)
  Ijyb (D:4)
  Terence (D:3)
  An orc wizard (D:2)
  An adder (D:3)
  An ufetubus (D:5)
  2 worms
  2 dart slugs
  6 orcs
  5 bats
  7 endoplasms
  5 giant cockroaches
  7 goblins
  4 hobgoblins
  6 jackals (D:3)
  2 quokkas
  3 ball pythons
  4 frilled lizards
  5 kobolds
  6 rats
76 creatures vanquished.

Notes
Turn   | Place    | Note
-------+----------+-------------------------------------------
     0 | D:1      | inmateoo the Demonspawn Gladiator began the quest for the
                  | Orb.
     0 | D:1      | Reached XP level 1. HP: 16/16 MP: 1/1
   255 | D:1      | Gained mutation: You are partially covered in rugged brown
                  | scales. (AC +1, +3% HP) [demonic ancestry]
   255 | D:1      | Reached XP level 2. HP: 15/22 MP: 2/2
   291 | D:1      | Reached skill level 3 in Polearms
   938 | D:2      | Found a faded altar of an unknown god.
  1189 | D:2      | Reached skill level 1 in Armour
  1223 | D:2      | Reached XP level 3. HP: 23/27 MP: 3/3
  2055 | D:3      | Noticed Jessica
  2059 | D:3      | Killed Jessica
  2060 | D:3      | Reached XP level 4. HP: 35/35 MP: 4/4
  2195 | D:3      | Reached skill level 1 in Shields
  2632 | D:3      | Noticed Terence
  2655 | D:3      | Killed Terence
  2790 | D:3      | Gained mutation: You have a pair of small horns on your
                  | head. [demonic ancestry]
  2790 | D:3      | Reached XP level 5. HP: 36/41 MP: 5/5
  3185 | D:3      | Found a burning altar of Makhleb.
  3185 | D:3      | Found a hide-covered altar of Uskayaw.
  3367 | D:4      | Reached skill level 4 in Polearms
  3371 | D:4      | Noticed Blork the orc
  3895 | D:4      | Killed Blork the orc
  3896 | D:4      | Gained mutation: You have a pair of horns on your head.
                  | [demonic ancestry]
  3896 | D:4      | Reached XP level 6. HP: 24/48 MP: 6/6
  4538 | D:4      | Noticed Ijyb
  4546 | D:4      | Killed Ijyb
  4742 | D:4      | Found Uttiroju's Antique Weapon Shop.
  4969 | D:5      | Entered Level 5 of the Dungeon
  5001 | D:5      | Found a runed translucent door.
  5002 | D:5      | Noticed Crazy Yiuf
  5077 | D:5      | Slain by an ogre

Illustrated notes

Levels and vault maps discovered:
D:1:      dpeg_arrival_simpleton_c, layout_basic, fountainhead
D:2:      layout_basic, nicolae_ecumenical_pavilion
D:3:      layout_loops_corners, gammafunk_temple_overflow_pools,
          chequers_serial_rivers_micro_d, columned_hall_lemuel,
          bh_walls_and_bars, uniq_jessica, uniq_terence
D:4:      layout_loops_ring, serial_shops, shop, uniq_ijyb, uniq_blork_the_orc
D:5:      layout_cave_pools, minitemple, kennysheep_slug_shrine,
          minmay_temple_entry_ruins, uniq_crazy_yiuf_cottage

Skill      XL: |  1  2  3  4  5  6 |
---------------+-------------------+-----
Polearms       | 3 4 |  4.6
Armour         | 1 2 |  2.5
Dodging        | 3 |  3.7
Shields        | 1 2 |  2.0
Fighting       | 3 |  3.5
Throwing       | |  1.7

Action                   |  1- 3 |  4- 6 || total
-------------------------+-------+-------++-------
Melee: Trident           |   115 |   216 ||   331
       Punch             |     1 |       ||     1
       Headbutt          |       |    17 ||    17
  Use: Scroll            |       |    13 ||    13
Armor: Chain mail        |    42 |    23 ||    65
       Leather armour    |     4 |       ||     4
       Scale mail        |       |    34 ||    34
Dodge: Dodged            |    26 |    65 ||    91
Block: Buckler           |     9 |    75 ||    84
       Reflection        |       |     1 ||     1
